 Dungeon Crawl Stone Soup version 0.21-a0-529-g8c7b3f5d53 (webtiles) character file.

126 GordonOverkill the Charlatan (level 4, -3/33 HPs)
             Began as a Mummy Artificer on Dec 10, 2017.
             Killed themself with a badly aimed iceblast (7 damage)
             ... on level 3 of the Dungeon.
             The game lasted 00:04:15 (2828 turns).

GordonOverkill the Charlatan (Mummy Artificer)      Turns: 2828, Time: 00:04:16

Health: -3/33      AC:  8    Str: 16    XL:     4   Next: 83%
Magic:  6/6        EV:  7    Int: 10    God:
Gold:   152        SH:  0    Dex: 12    Spells: 3/3 levels left

rFire    x . .     SeeInvis .   j - +0 hand axe
rCold    + + .     Gourm    .   (no shield)
rNeg     + + +     Faith    .   f - +0 chain mail
rPois    ∞         Spirit   .   (no helmet)
rElec    .         Reflect  .   (no cloak)
rCorr    .         Harm     .   (no gloves)
MR       .....                  (no boots)
Stlth    ..........             (no amulet)
HPRegen  0.11/turn              h - ring of protection from cold
MPRegen  0.10/turn              (no ring)

@: no status effects
A: no food or potions, fire vulnerability, cold resistance 1, negative energy
resistance 3, torment resistance, unbreathing
a: no special abilities


You were on level 3 of the Dungeon.
You were not hungry.

You visited 1 branch of the dungeon, and saw 4 of its levels.

You collected 152 gold pieces.

Inventory:

Hand Weapons
 j - a +0 hand axe (weapon)
Armour
 f - a +0 chain mail (worn)
Jewellery
 h - a ring of protection from cold (left hand)
Wands
 c - a wand of flame (13)
 d - a wand of enslavement (12)
 e - a wand of random effects (9)
Scrolls
 a - a scroll of identify
 g - a scroll of fear
 k - a scroll of blinking


   Skills:
 + Level 2.2 Fighting
   Level 0.7 Short Blades
 + Level 0.8 Axes
 + Level 1.5 Armour
 + Level 2.4 Dodging
 - Level 0.7 Stealth
 + Level 3.0 Evocations


You had 3 spell levels left.
You didn't know any spells.

Dungeon Overview and Level Annotations

Branches:
Dungeon (4/15)
 Temple: D:4-7

Altars:
Uskayaw

Annotations:
D:3 Robin


Innate Abilities, Weirdness & Mutations

You do not eat or drink.
Your flesh is vulnerable to fire.
You are immune to poison.
Your flesh is cold resistant. (rC+)
You are immune to negative energy. (rN+++)
You are immune to unholy pain and torment.
You can survive without breathing.


Message History

Aiming: Random Effects
Press: ? - help, Shift-Dir - straight line Nothing appears to happen.
Something hits you but does no damage.
Evoke which item? (* to show all) (? for menu, Esc to quit)
Aiming: Random Effects
Press: ? - help, Shift-Dir - straight line Something hits you.
* * * LOW HITPOINT WARNING * * *
x2 Evoke which item? (* to show all) (? for menu, Esc to quit)
Aiming: Random Effects
Press: ? - help, Shift-Dir - straight line The puff of frost hits something.
Something hits you but does no damage.
Evoke which item? (* to show all) (? for menu, Esc to quit)
Aiming: Random Effects
Press: ? - help, Shift-Dir - straight line The mass of ice explodes!
The iceblast engulfs something.
Reactivating autopickup.
You feel a bit more experienced. The iceblast engulfs you!
You partially resist.
You die...

#........#.#
#........#.#
#.#
##########.#
#.# #.# #.#
#.. ... #####
#.# #.##+#
##... #.#
#.#..# #...
#.# +.'..#
#..#
#†####@####.#
#..#
#......)......
##..#
#.############
....# #..#
###.########.#
#.[........#
############


There were no monsters in sight!

Vanquished Creatures
  Terence (D:3)
  2 adders
  An ooze (D:1)
  A worm (D:2)
  A leopard gecko (D:1)
  4 orcs
  2 giant cockroaches
  12 hobgoblins
  6 jackals
  A quokka (D:2)
  7 bats
  3 frilled lizards
  12 goblins
  3 kobolds
  8 rats
64 creatures vanquished.

Vanquished Creatures (collateral kills)
  An orc (D:3)
1 creature vanquished.

Vanquished Creatures (others)
  2 hobgoblins (D:3)
2 creatures vanquished.

Grand Total: 67 creatures vanquished

Notes
Turn   | Place    | Note
-------+----------+-------------------------------------------
     0 | D:1      | GordonOverkill the Mummy Artificer began the quest for the Orb.
     0 | D:1      | Reached XP level 1. HP: 15/15 MP: 2/2
   541 | D:1      | Reached XP level 2. HP: 19/21 MP: 3/3
  1282 | D:1      | Reached XP level 3. HP: 24/26 MP: 5/5
  1312 | D:1      | Reached skill level 1 in Armour
  1496 | D:2      | Found a hide-covered altar of Uskayaw.
  2178 | D:2      | Reached XP level 4. HP: 23/33 MP: 6/6
  2378 | D:3      | Noticed Robin
  2417 | D:3      | HP: 1/33 [hobgoblin[Robin] (3)]
  2810 | D:3      | Noticed Terence
  2816 | D:3      | Reached skill level 3 in Evocations
  2828 | D:3      | Killed Terence
  2828 | D:3      | Killed themself with a badly aimed iceblast

Vault maps used:
D:1:      shiori_shiawase, grunt_decor_clamped
D:2:      nicolae_overflow_crystal_walls
D:3:      minmay_door_path, marbit_many_paths, portal_sewer_entry_f,
          uniq_terence, uniq_robin
D:4:      temple_statues, first_bread, minmay_misc_feat_square,
          serial_bayou_ford_a, fedhas_altar_4

Skill      XL: |  1  2  3  4 |
---------------+-------------+-----
Dodging        | 2 |  2.4
Armour         | 1 |  1.5
Fighting       | 2 |  2.2
Evocations     | 3 |  3.0
Short Blades   | |  0.7
Axes           | |  0.8
Stealth        | |  0.7

Action                   |  1- 3 |  4- 6 || total
-------------------------+-------+-------++-------
Melee: Short sword       |   149 |       ||   149
       Hand axe          |    58 |    56 ||   114
Evoke: Wand              |     3 |     8 ||    11
  Use: Scroll            |     5 |       ||     5
Armor: Chain mail        |   143 |    41 ||   184
       Leather armour    |     6 |       ||     6
Dodge: Dodged            |    90 |    22 ||   112

Table legend:
 A = Spawn XP
 B = Non-spawn XP
 C = Spawn XP percentage of total XP
 D = Spawn monster count
 E = Non-spawn monster count
 F = Spawn count percentage of total count
 G = Total turns spent on level
                    A         B        C        D         E        F      G
               +---------+---------+-------+---------+---------+-------+---------
         Total |       0 |     180 |   0.0 |       0 |      65 |   0.0 |  2828
               +---------+---------+-------+---------+---------+-------+---------
           D:1 |       0 |      54 |   0.0 |       0 |      24 |   0.0 |  1397
           D:2 |       0 |      45 |   0.0 |       0 |      23 |   0.0 |   912
           D:3 |       0 |      81 |   0.0 |       0 |      18 |   0.0 |   253
               +---------+---------+-------+---------+---------+-------+---------
